 Dungeon Crawl Stone Soup version 0.25.1-2-g60ff931df9 (webtiles) character file.

Game seed: 12564567865926662793

1998 protoss039 the Thaumaturge (level 9, -4/48 HPs)
             Began as a Deep Elf Earth Elementalist on Aug 7, 2020.
             Was an Initiate of Kikubaaqudgha.
             Killed from afar by Maggie (19 damage)
             ... with a bolt of fire
             ... on level 6 of the Dungeon.
             The game lasted 00:22:07 (6532 turns).

protoss039 the Thaumaturge (DEEE)                   Turns: 6532, Time: 00:22:07

Health: -4/48      AC:  5    Str:  5    XL:     9   Next: 2%
Magic:  2/25       EV: 13    Int: 24    God:    Kikubaaqudgha [......]
Gold:   152        SH:  0    Dex: 15    Spells: 14/29 levels left

rFire    . . .     SeeInvis .   t - +4 short sword
rCold    + . .     Gourm    .   (no shield)
rNeg     . . .     Faith    .   k - +1 robe {rC+}
rPois    .         Spirit   .   (no helmet)
rElec    .         Reflect  .   q - +0 cloak
rCorr    .         Harm     .   s - +0 pair of gloves
MR       .....                  (no boots)
Stlth    ++........             e - amulet of regeneration
HPRegen  0.56/turn              (no ring)
MPRegen  0.19/turn              (no ring)

@: stab
A: no striking features
a: Renounce Religion


You were on level 6 of the Dungeon.
You worshipped Kikubaaqudgha.
Kikubaaqudgha was noncommittal.
You were not hungry.

You visited 2 branches of the dungeon, and saw 7 of its levels.

You collected 300 gold pieces.
You spent 148 gold pieces at shops.

Inventory:

Hand Weapons
 t - a +4 short sword (weapon)
Armour
 k - a +1 robe of cold resistance (worn)
 q - a +0 cloak (worn)
 s - a +0 pair of gloves (worn)
Jewellery
 e - an amulet of regeneration (around neck)
Wands
 h - a wand of paralysis (3)
Scrolls
 a - 4 scrolls of blinking
 b - a scroll of enchant armour
 c - 5 scrolls of remove curse
 f - 2 scrolls of fog
 g - 9 scrolls of identify
 j - 2 scrolls of immolation
 m - a scroll of fear
 w - a scroll of amnesia
 x - 2 scrolls of random uselessness {unknown}
 y - a scroll of teleportation {unknown}
Potions
 i - a potion of magic {unknown}
 l - a potion of flight
 n - a potion of stabbing
 r - a potion of curing
 v - a potion of degeneration {unknown}
 z - a potion of cancellation {unknown}
 A - a potion of brilliance {unknown}
Comestibles
 d - 11 rations
 u - 10 chunks of flesh


   Skills:
 * Level 1.6 Fighting
 - Level 3.0 Dodging
 - Level 3.0 Stealth
 + Level 10.5 Spellcasting
 + Level 3.4 Conjurations
 * Level 2.6 Necromancy
 - Level 1.1 Transmutations
 + Level 8.5 Earth Magic


You had 14 spell levels left.
You knew the following spells:

 Your Spells              Type           Power        Failure   Level  Hunger
a - Sandblast             Erth           ######       1%          1    None
b - Passwall              Tmut/Erth      #####...     1%          2    None
c - Stone Arrow           Conj/Erth      #####.       1%          3    None
d - Petrify               Tmut/Erth      #####...     7%          4    None
e - Lee's Rapid Deconstr  Erth           ######....   4%          5    ####...

Your spell library contained the following spells:

 Spells                   Type           Power        Failure   Level  Hunger


Dungeon Overview and Level Annotations

Branches:
Dungeon (6/15)             Temple (1/1) D:5

Altars:
Ashenzari
Cheibriados
Elyvilon
Fedhas
Gozag
Hepliaklqana
Kikubaaqudgha
Makhleb
Nemelex Xobeh
Qazlal
Ru
Trog
Uskayaw
Vehumet
Wu Jian
Xom
Yredelemnul
The Shining One
Jiyva

Shops:
D:4 :[[?:

Annotations:
D:6 Maggie


Message History

Blink to where?
Press: ? - help, Dir - move target cursor You cannot blink away from Maggie!
Blink to where?
Press: ? - help, Dir - move target cursor, f - you
Okay, then.
As you read the scroll of fear, it crumbles to dust.
You assume a fearsome visage.
Maggie looks frightened!
The hound looks frightened!
You are no longer entranced.
Unknown command.
Unknown command.
Items here: )) [ รทรทรท There isn't anything to butcher here.
There isn't anything to butcher here.
Okay, then.
Maggie points at you and mumbles some strange words.
The bolt of fire hits you!!
You die...
Kikubaaqudgha rasps: "You have failed me!
Welcome... death!"

.#.######.####.######.
.#.#......# #.#
.#.#.###### #.#
..)#.#### #.## .#
.##.....# #..# .#
.##.....# ##.## .#
........# #..# .#
###...[.# ##.##.#
#.....# #@)#.# #######
##)#.# # #.).#.####
##........ #.##.####
#.@# # ##.#.#
..#####.#.### ###
............#


You could see Maggie (fleeing).

Vanquished Creatures
  Prince Ribbit (D:5)
  Sigmund (D:4)
  Eustachio (D:4)
  Edmund (D:4)
  A sky beast (D:5)
  An ice beast (D:5)
  3 ogres
  2 centaurs (D:3)
  A bullfrog (D:5)
  A scorpion (D:3)
  3 wights (D:6)
  A crimson imp (D:5)
  3 orc priests (D:6)
  3 hounds (D:5)
  An orc wizard (D:6)
  An iguana (D:5)
  Natasha (thrice) (D:2)
  A howler monkey skeleton (D:4)
  7 adders
  2 shadow imps
  5 worms
  7 dart slugs
  5 leopard geckos
  11 orcs
  7 bats
  5 giant cockroaches
  7 goblins
  7 hobgoblins
  4 jackals
  2 quokkas (D:6)
  2 ball pythons
  3 frilled lizards
  A jackal skeleton (D:4)
  11 kobolds
  A quokka zombie (D:6)
  4 rats
120 creatures vanquished.

Vanquished Creatures (others)
  An ogre (D:4)
  A gnoll (D:4)
  A leopard gecko (D:4)
3 creatures vanquished.

Grand Total: 123 creatures vanquished

Notes
Turn   | Place    | Note
-------+----------+-------------------------------------------
     0 | D:1      | protoss039 the Deep Elf Earth Elementalist began the quest
                  | for the Orb.
     0 | D:1      | Reached XP level 1. HP: 10/10 MP: 6/6
   573 | D:1      | Reached XP level 2. HP: 15/15 MP: 6/8
  1581 | D:2      | Reached XP level 3. HP: 13/19 MP: 7/9
  1930 | D:2      | Noticed Natasha
  1940 | D:2      | Killed Natasha
  1940 | D:2      | Reached skill level 4 in Spellcasting
  1940 | D:2      | Reached XP level 4. HP: 16/24 MP: 8/12
  2059 | D:2      | Found a stormy altar of Qazlal.
  2546 | D:3      | Noticed a centaur
  2556 | D:3      | Learned a level 2 spell: Passwall
  2560 | D:3      | Learned a level 3 spell: Stone Arrow
  2589 | D:3      | Killed a centaur
  2589 | D:3      | Reached skill level 5 in Spellcasting
  2589 | D:3      | Reached skill level 5 in Earth Magic
  2589 | D:3      | Reached XP level 5. HP: 9/28 MP: 4/14
  2608 | D:3      | Found an ornate altar of the Wu Jian Council.
  2733 | D:3      | Found a hide-covered altar of Uskayaw.
  2736 | D:3      | Noticed a centaur
  2789 | D:2      | Noticed Natasha
  2794 | D:2      | Killed Natasha
  2813 | D:2      | Noticed Natasha
  2815 | D:2      | Killed Natasha
  2922 | D:3      | Found a bloodstained altar of Trog.
  2929 | D:3      | Reached skill level 6 in Spellcasting
  2929 | D:3      | Reached XP level 6. HP: 22/32 MP: 13/17
  3780 | D:4      | Noticed Sigmund
  3798 | D:4      | Learned a level 4 spell: Petrify
  3804 | D:4      | Learned a level 5 spell: Lee's Rapid Deconstruction
  3818 | D:4      | Killed Sigmund
  3818 | D:4      | Reached skill level 7 in Spellcasting
  3818 | D:4      | Reached XP level 7. HP: 33/36 MP: 6/20
  3911 | D:4      | Found a shimmering altar of Xom.
  4088 | D:4      | Noticed Edmund
  4095 | D:4      | Killed Edmund
  4095 | D:4      | Reached skill level 8 in Spellcasting
  4095 | D:4      | Reached skill level 1 in Conjurations
  4223 | D:4      | Found Fimno's Antique Armour Shoppe.
  4290 | D:4      | Found Dady's Book Shop.
  4529 | D:4      | Found Sosaav's Armour Shoppe.
  4661 | D:4      | Found a glowing golden altar of the Shining One.
  4661 | D:4      | Noticed Eustachio
  4702 | D:4      | Killed Eustachio
  4917 | D:4      | Found Puibu's Book Boutique.
  4986 | D:4      | Found Epry's Magic Scroll Shoppe.
  4994 | D:4      | Bought a scroll of identify for 22 gold pieces
  4994 | D:4      | Bought a scroll of identify for 22 gold pieces
  4994 | D:4      | Bought a scroll of amnesia for 38 gold pieces
  4994 | D:4      | Bought a scroll of identify for 22 gold pieces
  4994 | D:4      | Bought a scroll of identify for 22 gold pieces
  4994 | D:4      | Bought a scroll of fog for 22 gold pieces
  5047 | D:5      | Entered Level 5 of the Dungeon
  5055 | D:5      | Reached skill level 9 in Spellcasting
  5055 | D:5      | Reached XP level 8. HP: 41/41 MP: 15/23
  5535 | D:5      | Found a staircase to the Ecumenical Temple.
  5557 | Temple   | Entered the Ecumenical Temple
  5678 | Temple   | Became a worshipper of Kikubaaqudgha
  5830 | D:5      | Noticed Prince Ribbit
  5834 | D:5      | Killed Prince Ribbit
  5834 | D:5      | Reached skill level 1 in Fighting
  5834 | D:5      | Reached skill level 10 in Spellcasting
  5834 | D:5      | Reached skill level 1 in Necromancy
  6015 | D:5      | Found a burning altar of Makhleb.
  6464 | D:6      | Noticed Maggie
  6481 | D:6      | Reached XP level 9. HP: 37/48 MP: 0/25
  6498 | D:6      | HP: 1/48 [Maggie/bolt of fire (21)]
  6532 | D:6      | Killed from afar by Maggie

Illustrated notes

Levels and vault maps discovered:
D:1:      roderic_dead_forest, layout_basic, kennysheep_pointless_box
D:2:      layout_basic, grunt_qazlal_clouds, uniq_natasha
D:3:      layout_basic, old_standard_altar, eat_drink_and_be_merry_uskayaw,
          marbit_many_paths
D:4:      layout_loops_ring, xom_confusion_cloud, tso_altar, serial_shops,
          nicolae_shop_stone, kennysheep_mini_moat, shop,
          nicolae_shop_waterfront, shop_fountains, first_ration, uniq_eustachio,
          uniq_edmund, uniq_sigmund
D:5:      layout_cave_pools, makhleb_blood_cavern_becter,
          minmay_temple_entry_glass, uniq_prince_ribbit1
D:6:      layout_basic, lemuel_crystal_altar, serial_shops,
          nicolae_shop_statue_plus, uniq_maggie, uniq_crazy_yiuf_cottage
Temple:   pf_slime_end_temple

Skill      XL: |  1  2  3  4  5  6  7  8 |
---------------+-------------------------+-----
Stealth        | 3 |  3.0
Earth Magic    | 4 5 6 7 8 |  8.5
Dodging        | 3 |  3.0
Spellcasting   | 4 5 6 7 9 10 | 10.5
Conjurations   | 2 3 |  3.4
Fighting       | 1 |  1.6
Necromancy     | 2 |  2.6
Transmutations | |  1.1

Action                   |  1- 3 |  4- 6 |  7- 9 || total
-------------------------+-------+-------+-------++-------
Melee: Unarmed           |     4 |       |       ||     4
       Dagger            |    14 |     6 |       ||    20
       Short sword       |       |       |    56 ||    56
 Cast: Sandblast         |    47 |    40 |    16 ||   103
       Stone Arrow       |       |    13 |    66 ||    79
       Lee's Rapid Decon |       |       |     8 ||     8
       Passwall          |       |       |     2 ||     2
Evoke: Wand              |       |     1 |       ||     1
  Use: Scroll            |       |     5 |     1 ||     6
       Potion            |       |       |     6 ||     6
 Stab: Sleeping          |     7 |       |       ||     7
       Distracted        |       |     1 |       ||     1
  Eat: Chunk             |     3 |     6 |     6 ||    15
       Ration            |       |       |     1 ||     1
Armor: Robe              |     7 |     5 |    11 ||    23
       Skin              |       |       |    17 ||    17
Dodge: Dodged            |    24 |    24 |    35 ||    83
